 Dungeon Crawl Stone Soup version 0.32-a0-876-gcfddb08e57 (webtiles) character file.

Game seed: 1211589320697162066

819 Autsider the Covert (level 7, 32/32 HPs)
             Began as a Spriggan Enchanter on Mar 30, 2024.
             Was an Initiate of Dithmenos.
             Quit the game on level 5 of the Dungeon on Mar 31, 2024.
             The game lasted 00:18:36 (3872 turns).

Autsider the Covert (Spriggan Enchanter)            Turns: 3872, Time: 00:18:36

Health: 32/32      AC:  2    Str:  4    XL:     7   Next: 63%
Magic:  14/14      EV: 16    Int: 16    God:    Dithmenos [......]
Gold:   230        SH:  0    Dex: 18    Spells: 9/14 levels left

rFire   . . .        k - +2 short sword (protect)
rCold   . . .        (no shield)
rNeg    . . .        b - +0 robe
rPois   .            (helmet restricted)
rElec   .            (no cloak)
rCorr   .            (gloves unavailable)
SInv    +            (boots unavailable)
Will    +....        (no amulet)
Stlth   ++++         (no ring)
HPRegen 0.25/turn    (no ring)
MPRegen 0.14/turn

%: no passive effects
@: very quick
A: very small, no large weapons, unfitting armour, see invisible, speed 3
a: Renounce Religion


You were on level 5 of the Dungeon.
You worshipped Dithmenos.
Dithmenos was noncommittal.
You visited 2 branches of the dungeon, and saw 6 of its levels.

You collected 230 gold pieces.

Inventory:

Hand Weapons
 a - a +1 dagger
 k - a +2 short sword of protection (weapon)
Missiles
 n - 10 poisoned darts (quivered)
Armour
 b - a +0 robe (worn)
 r - a scarf of harm
Wands
 s - a wand of paralysis (14)
Scrolls
 d - 8 scrolls of identify {unknown}
 e - 2 scrolls of teleportation {unknown}
 i - 2 scrolls of fear {unknown}
 j - 2 scrolls of noise {unknown}
 l - 2 scrolls of enchant weapon {unknown}
 o - a scroll of revelation {unknown}
 q - a scroll of vulnerability {unknown}
Potions
 c - 2 potions of invisibility
 f - a potion of lignification {unknown}
 g - a potion of berserk rage {unknown}
 h - a potion of curing {unknown}
 m - 2 potions of resistance {unknown}
 p - a potion of heal wounds {unknown}


   Skills:
 - Level 5.0 Short Blades
 - Level 2.6 Dodging
 - Level 8.1 Stealth
 - Level 4.0 Spellcasting
 + Level 7.3 Hexes


You had 9 spell levels left.
You knew the following spells:

 Your Spells              Type           Power      Damage    Failure   Level
a - Ensorcelled Hibernat  Hex/Ice        28%        N/A       5%          2
b - Confusing Touch       Hex            26%        N/A       2%          3

Your spell library contained the following spells:

 Spells                   Type           Power      Damage    Failure   Level
 Tukima's Dance           Hex            26%        N/A       2%          3
 Dazzling Flash           Conj/Hex       28%        N/A       11%         3
 Fugue of the Fallen      Necr           3%         N/A       45%         3
 Stone Arrow              Conj/Erth      6%         3d7       45%         3
 Animate Armour           Summ/Erth      6%         N/A       86%         4
 Haunt                    Necr/Summ      1%         N/A       100%        7
 Borgnjor's Revivificati  Necr           1%         N/A       100%        8
 Lehudib's Crystal Spear  Conj/Erth      1%         10d2      100%        8
 Death's Door             Necr           1%         N/A       100%        9


Dungeon Overview and Level Annotations

Branches:
Dungeon (5/15)             Temple (1/1) D:4

Altars:
Ashenzari
Cheibriados
Dithmenos
Elyvilon
Gozag
Makhleb
Nemelex Xobeh
Okawaru
Ru
Trog
Uskayaw
Vehumet
Wu Jian
Xom
Yredelemnul
Zin
The Shining One

Shops:
D:1 *


Innate Abilities, Weirdness & Mutations

You are very small and have problems with some larger weapons.
You are too small for most types of armour.
You have supernaturally acute eyesight. (SInv)
You cover ground extremely quickly. (Speed+++)


Message History

Dithmenos accepts your kill.
Casting: Ensorcelled Hibernation (safe; 6% risk of failure)
Confirm with . or Enter, or press ? or * to list all spells.
Aiming: Ensorcelled Hibernation (safe; 6% risk of failure)
Press: ? - help, Shift-Dir - straight line, f - scorpion
Aim: a scorpion (chance to affect: 48%)
The scorpion looks drowsy...
The helpless scorpion fails to defend itself.
You spit the scorpion like a pig!!!
You kill the scorpion!
Dithmenos accepts your kill.
Your Hexes skill increases to level 7!
You now have 211 gold pieces (gained 12).
A hound comes into view.
A hound is nearby!
Found a longbow.
The helpless hound fails to defend itself.
You perforate the hound like a sieve!!!
Your weapon exudes an aura of protection.
You kill the hound!
Dithmenos accepts your kill.
Found a stone staircase leading up.
Magic restored.
d - 7 scrolls labelled AFRULIJ PACK (gained 1)
You now have 220 gold pieces (gained 9).
Found a stone staircase leading down.
Found a stone staircase leading up.
Found a dagger.
There is a stone staircase leading up here.
Found 5 stones.
You now have 230 gold pieces (gained 10).
Found 5 stones.
d - 8 scrolls labelled AFRULIJ PACK (gained 1)
Found a mace.
Found a ring mail.
You pick up the Quarto of Bodies and begin reading...
It was the Quarto of Bodies.
You add the spell Fugue of the Fallen to your library.
Okay, then.
Are you sure you want to abandon this character and quit the game? (Confirm with "yes".)

....... ........
. #......... ..#
#........# ....
........# ####
.....###......#
##..###
#...#.....#
#......
#..@#....#
##......
###..#.[#
##....... ##...##
##........
###..###.........
##...##........
###..##.......
##...#......
##...#.....
###.......


There were no monsters in sight!

Vanquished Creatures
  Grinder (D:4)
  Sigmund (D:2)
  A scorpion (D:5)
  3 jellies
  A hound (D:5)
  An orc priest (D:3)
  3 iguanas
  An orc wizard (D:3)
  3 gnolls (D:3)
  2 adders
  2 ufetubi (D:4)
  4 dart slugs
  6 ribbon worms
  8 orcs
  11 endoplasms
  2 giant cockroaches
  7 hobgoblins
  6 kobolds
  3 quokkas
  3 ball pythons
  7 bats
  2 frilled lizards
  6 goblins
  3 rats (D:1)
87 creatures vanquished.

Notes
Turn   | Place    | Note
-------+----------+-------------------------------------------
     0 | D:1      | Autsider the Spriggan Enchanter began the quest for the
                  | Orb.
     0 | D:1      | Reached XP level 1. HP: 9/9 MP: 5/5
    93 | D:1      | Found Riamiuso's Assorted Antiques.
   157 | D:1      | Reached XP level 2. HP: 10/13 MP: 6/6
   187 | D:1      | Reached skill level 5 in Stealth
   629 | D:1      | Found a faded altar of an unknown god.
   928 | D:2      | Noticed Sigmund
   962 | D:2      | Reached XP level 3. HP: 11/16 MP: 8/8
  1079 | D:2      | Learned a level 2 spell: Ensorcelled Hibernation
  1234 | D:2      | Reached skill level 6 in Stealth
  1311 | D:2      | Reached XP level 4. HP: 21/21 MP: 9/9
  1324 | D:2      | Found a bloodstained altar of Trog.
  1415 | D:2      | Killed Sigmund
  1416 | D:2      | Reached skill level 7 in Stealth
  1416 | D:2      | Reached XP level 5. HP: 24/24 MP: 10/10
  1770 | D:3      | Reached skill level 8 in Stealth
  1770 | D:3      | Reached XP level 6. HP: 28/28 MP: 11/11
  1844 | D:3      | Found an opulent altar of Gozag.
  1943 | D:3      | Found a burning altar of Makhleb.
  1943 | D:3      | Noticed a balrug
  1946 | D:3      | Noticed an orange demon
  1946 | D:3      | Noticed a ynoxinul
  2030 | D:3      | Reached skill level 5 in Short Blades
  2611 | D:3      | Upgraded the game from 0.32-a0-872-g59262bdc9b to
                  | 0.32-a0-876-gcfddb08e57
  2656 | D:4      | Found a basalt altar of Yredelemnul.
  2778 | D:4      | Found a staircase to the Ecumenical Temple.
  2785 | Temple   | Entered the Ecumenical Temple
  2819 | Temple   | Became a worshipper of Dithmenos the Shadowed
  2858 | D:4      | Noticed Grinder
  2943 | D:4      | Learned a level 3 spell: Confusing Touch
  2944 | D:4      | Paralysed by Grinder for 2 turns
  2961 | D:4      | Killed Grinder
  2962 | D:4      | Reached skill level 5 in Hexes
  2962 | D:4      | Reached XP level 7. HP: 24/32 MP: 10/14
  3485 | D:5      | Entered Level 5 of the Dungeon
  3871 | D:5      | Got the Quarto of Bodies
  3872 | D:5      | Quit the game

Illustrated notes

Levels and vault maps discovered:
D:1:      ldierk_walled_garden_2, layout_loops_ring,
          nicolae_ecumenical_lake_church, serial_shops, shop, amethyst_killhole
D:2:      layout_basic, basic_altar, minmay_surrounded, uniq_sigmund
D:3:      layout_rooms, mainiacjoe_overflow_boulevard,
          makhleb_altar_promises_db, kennysheep_generic_room_6
D:4:      layout_loops_ring, lemuel_round_altar, minmay_temple_entry_wispy,
          uniq_grinder
D:5:      layout_cave_pods, nicolae_wormholes
Temple:   compressed_dpeg_circular_temple

Skill      XL: |  1  2  3  4  5  6  7 |
---------------+----------------------+-----
Stealth        | 5 6 7 8 |  8.1
Short Blades   | 2 3 4 5 |  5.0
Spellcasting   | 4 |  4.0
Hexes          | 5 7 |  7.3
Dodging        | |  2.6

Action                     |  1- 3 |  4- 6 |  7- 9 || total
---------------------------+-------+-------+-------++-------
  Melee: Dagger            |   104 |     4 |       ||   108
         Short sword       |       |   112 |    40 ||   152
   Cast: Ensorcelled Hiber |     1 |    27 |     8 ||    36
         Confusing Touch   |       |     1 |     3 ||     4
   Stab: Sleeping          |    15 |    23 |    10 ||    48
         Confused          |       |     2 |     2 ||     4
 Armour: Robe              |    41 |    38 |    12 ||    91
  Dodge: Dodged            |    70 |    96 |    15 ||   181

Table legend: (Time is in decaauts)
 A = Elapsed time spent in this place.
 B = Non-inter-level travel time spent in this place.
 C = Inter-level travel time spent in this place.
 D = Time resting spent in this place.
 E = Time spent auto-exploring this place.
 F = Levels seen in this place.
 G = Mean time per level.
                   A        B        C        D        E       F      G
               +--------+--------+--------+--------+--------+-----+--------+
         Total |   2622 |   2496 |    126 |    383 |   1311 |   6 |  437.0 |
       Dungeon |   2579 |   2494 |     85 |    383 |   1311 |   5 |  515.8 |
        Temple |     42 |      2 |     40 |      0 |      0 |   1 |   42.0 |
               +--------+--------+--------+--------+--------+-----+--------+

Top non-repeatable levels by time:
     D:3: 707 daAuts
     D:2: 560 daAuts
     D:1: 534 daAuts
     D:4: 525 daAuts
     D:5: 251 daAuts
  Temple: 42 daAuts
